Map: [ESL] Site Delta

Players

DieMauer (ShoWTimE)

  • Race: Protoss Protoss
  • League: Grandmaster
  • Spawn Location: 5:00

Reynor - Winner!

  • Race: Zerg Zerg
  • League: Master
  • Spawn Location: 11:00

Event: Bellum Gens Elite Stara Zagora 2024

VOD

Have the link to the VOD?

Description

Time

  • Played on: Sept. 7, 2024, 11:20 a.m.
  • Length: 9:37

All games in this series

Show
View Real Time Build Order
Export as new Build Order

DieMauer Protoss 

Build Orders: 1 Gate Expand, Oracle Opening 

Get SALT Encoding   

  12  0:00  Probe  
  13  0:12  Probe  
  14  0:20  Pylon  
  14  0:24  Probe  
  15  0:38  Probe (Chrono Boost)  
  15  0:40  Gateway  
  16  0:47  Probe (Chrono Boost)  
  16  0:49  Assimilator  
  17  0:52  Probe (Chrono Boost)  
  18  1:04  Probe  
  19  1:16  Probe  
  20  1:26  Nexus  
  20  1:35  Cybernetics Core  
  20  1:38  Probe  
  21  1:42  Assimilator  
  21  1:50  Probe  
  21  1:52  Pylon  
  22  2:02  Probe  
  22  2:08  Adept (Chrono Boost)  
  23  2:14  Probe  
  26  2:20  Stargate  
  26  2:26  Probe (Chrono Boost)  
  27  2:31  Adept  
  29  2:37  Warp Gate  
  29  2:38  Probe (Chrono Boost)  
  29  2:40  Probe (Chrono Boost)  
  31  2:48  Probe (Chrono Boost)  
  31  2:49  Probe (Chrono Boost)  
  33  2:54  Probe x2 (Chrono Boost)  
  35  3:04  Probe  
  37  3:05  Probe  
  37  3:10  Nexus  
  37  3:12  Oracle (Chrono Boost)  
  37  3:18  Probe  
  42  3:20  Probe  
  42  3:23  Pylon  
  42  3:30  Probe  
  42  3:32  Probe  
  44  3:34  Assimilator  
  44  3:41  Gateway  
  44  3:43  Probe  
  44  3:44  Probe  
  44  3:45  Oracle (Chrono Boost)  
  49  3:50  Pylon  
  49  3:55  Adept, Probe  
  50  3:56  Probe  
  50  3:59  Assimilator  
  53  4:07  Probe  
  53  4:08  Probe  
  55  4:12  Twilight Council  
  55  4:15  Forge  
  55  4:22  Probe (Chrono Boost)  
  55  4:23  Probe (Chrono Boost)  
  58  4:25  Probe (Chrono Boost)  
  58  4:26  Gateway  
  60  4:32  Probe (Chrono Boost)  
  60  4:34  Probe (Chrono Boost)  
  60  4:35  Adept, Probe (Chrono Boost)  
  60  4:36  Adept  
  60  4:37  Probe (Chrono Boost)  
  65  4:42  Protoss Ground Weapons Level 1  
  65  4:43  Probe (Chrono Boost)  
  65  4:44  Probe (Chrono Boost)  
  68  4:47  Blink (Chrono Boost), Pylon  
  68  4:49  Probe (Chrono Boost)  
  69  4:57  Probe (Chrono Boost)  
  72  5:01  Probe x2 (Chrono Boost)  
  72  5:02  Stalker  
  72  5:04  Probe (Chrono Boost)  
  72  5:06  Probe (Chrono Boost)  
  76  5:08  Probe (Chrono Boost)  
  76  5:09  Stalker  
  76  5:11  Probe  
  76  5:12  Shield Battery  
  80  5:14  Pylon  
  80  5:15  Probe  
  80  5:19  Probe  
  82  5:23  Probe  
  82  5:27  Probe, Pylon  
  84  5:31  Probe  
  84  5:34  Stalker x3  
  84  5:35  Assimilator, Probe  
  90  5:39  Probe  
  86  5:43  Probe  
  86  5:46  Assimilator  
  86  5:47  Robotics Facility, Probe  
  86  5:49  Pylon  
  88  5:53  Photon Cannon  
  88  5:54  Templar Archives  
  88  6:01  Gateway  
  88  6:02  Gateway  
  88  6:03  Stalker  
  88  6:04  Gateway  
  90  6:05  Stalker  
  90  6:08  Stalker  
  94  6:14  Pylon  
  94  6:20  Gateway  
  94  6:21  Gateway  
  94  6:26  Psionic Storm  
  94  6:28  Stalker x2  
  94  6:31  Stalker  
  100  6:35  Charge (Chrono Boost)  
  100  6:36  Protoss Ground Weapons Level 2  
  100  6:37  Pylon  
  100  6:39  Observer  
  101  6:58  Stalker x6  
  113  7:05  Photon Cannon  
  113  7:07  Pylon, Immortal  
  117  7:09  Pylon  
  117  7:16  Pylon  
  117  7:17  Pylon  
  117  7:19  High Templar  
  115  7:31  High Templar  
  115  7:36  Zealot x5  
  125  7:46  High Templar  
  125  7:47  Immortal (Chrono Boost)  
  125  7:49  Photon Cannon  
  131  7:52  Nexus  
  131  7:58  Pylon  
  131  8:01  Pylon  
  131  8:06  High Templar x3  
  131  8:12  Pylon  
  137  8:14  Zealot x3  
  137  8:15  Zealot  
  137  8:16  Probe  
  137  8:17  Probe, Photon Cannon  
  137  8:19  Warp Prism (Chrono Boost), Probe, Photon Cannon  
  148  8:20  Shield Battery  
  148  8:25  Pylon  
  148  8:27  Shield Battery, Pylon  
  150  8:29  Stalker  
  150  8:36  Stalker x4  
  144  8:42  Stalker  
  144  8:45  Archon  
  144  8:47  Stalker x2  
  130  8:49  Archon  
  130  8:55  Zealot  
  109  9:04  Stalker x3  
  107  9:15  Stalker x2  
  105  9:19  Stalker  
  95  9:29  Stalker  
Show
View Real Time Build Order
Export as new Build Order

Reynor Zerg - Winner!

Build Orders: Hatch First 

Get SALT Encoding   

  12  0:00  Drone  
  13  0:08  Drone  
  14  0:14  Drone, Extractor  
  15  0:37  Hatchery  
  15  0:41  Extractor  
  15  0:42  Drone  
  14  0:48  Overlord  
  15  1:03  Spawning Pool  
  14  1:07  Drone  
  14  1:11  Drone  
  16  1:15  Drone  
  17  1:19  Drone  
  18  1:29  Drone, Extractor  
  18  1:40  Drone  
  19  1:49  Queen  
  19  1:50  Drone, Queen  
  19  1:52  Drone  
  25  2:01  Drone, Zergling x2  
  27  2:11  Overlord  
  27  2:12  Drone  
  28  2:30  Drone x2  
  28  2:31  Queen  
  28  2:34  Metabolic Boost  
  32  2:41  Zergling x2  
  33  2:45  Hatchery  
  33  2:49  Overlord  
  32  2:52  Drone  
  32  2:54  Drone  
  32  2:56  Drone  
  35  3:00  Drone  
  36  3:07  Queen  
  36  3:09  Overlord  
  38  3:13  Drone x2  
  38  3:15  Drone  
  38  3:17  Drone  
  42  3:22  Queen  
  42  3:26  Overlord  
  44  3:28  Drone  
  44  3:31  Drone x2  
  44  3:33  Drone  
  48  3:34  Zergling x2  
  48  3:36  Zergling x2  
  48  3:38  Zergling x2  
  51  3:41  Overlord  
  51  3:46  Queen  
  53  3:50  Drone x2  
  53  3:55  Drone x2  
  57  3:58  Queen  
  59  4:03  Spore Crawler  
  59  4:09  Roach Warren  
  57  4:10  Drone x3  
  57  4:12  Drone, Evolution Chamber  
  57  4:15  Drone  
  57  4:16  Spore Crawler  
  61  4:19  Drone x2  
  61  4:21  Drone x2  
  61  4:24  Drone  
  66  4:26  Overlord  
  66  4:28  Drone  
  67  4:31  Drone x2  
  69  4:39  Roach Warren, Zerg Missile Weapons Level 1  
  69  4:40  Drone  
  69  4:42  Drone  
  69  4:43  Drone  
  71  4:47  Overlord  
  71  4:48  Spore Crawler  
  71  4:51  Drone x2  
  72  4:53  Drone x2  
  72  4:55  Zergling x4  
  72  4:56  Zergling x2  
  72  4:59  Overlord  
  77  5:03  Zergling x2  
  77  5:04  Drone x2  
  77  5:05  Drone x2  
  82  5:10  Lair  
  82  5:13  Overlord  
  82  5:14  Drone  
  83  5:22  Drone x2, Overlord, Extractor  
  83  5:23  Extractor  
  83  5:31  Hatchery  
  83  5:32  Drone x3  
  83  5:34  Overlord  
  80  5:43  Drone  
  80  5:44  Overlord  
  80  5:47  Drone x3  
  80  5:49  Extractor  
  83  5:52  Drone x3  
  83  5:53  Extractor  
  83  5:54  Overlord  
  83  5:56  Drone x3  
  88  5:58  Extractor  
  88  6:01  Overlord  
  87  6:10  Overlord  
  87  6:11  Spire  
  87  6:12  Drone x2  
  87  6:13  Drone x2  
  87  6:15  Glial Reconstitution  
  87  6:16  Overlord  
  90  6:19  Zergling x6  
  90  6:20  Zergling x2  
  90  6:21  Overlord  
  90  6:23  Hatchery  
  93  6:27  Drone  
  93  6:28  Drone x6  
  93  6:31  Overlord  
  100  6:36  Zerg Missile Weapons Level 2  
  100  6:38  Drone x2  
  102  6:40  Roach  
  102  6:46  Roach  
  102  6:47  Roach x3  
  112  6:49  Overlord  
  112  6:54  Roach x4  
  120  6:55  Overlord  
  120  6:56  Roach  
  120  7:00  Extractor  
  121  7:01  Zergling x4  
  121  7:07  Overlord  
  121  7:08  Zergling x8  
  127  7:27  Zergling x8  
  127  7:28  Zergling x2  
  127  7:30  Mutalisk x8  
  127  7:32  Roach  
  127  7:36  Overlord  
  145  7:39  Zergling x8, Roach x2  
  148  7:47  Roach x4  
  148  7:48  Roach x3  
  148  7:50  Overseer  
  162  7:52  Roach x2  
  162  7:56  Overlord  
  162  7:58  Roach x2  
  168  8:04  Roach x2  
  169  8:07  Roach  
  169  8:08  Roach  
  169  8:10  Ravager x3  
  169  8:11  Zergling x2, Roach  
  169  8:12  Zergling x2, Extractor  
  179  8:14  Zergling x2, Roach x2  
  179  8:16  Zergling x6, Roach x2  
  179  8:17  Zergling x6  
  194  8:26  Zergling x2, Roach x2  
  199  8:32  Infestation Pit  
  198  8:38  Zergling x4, Roach  
  198  8:39  Zergling x4  
  195  8:45  Zergling x8, Roach x3  
  195  8:46  Zergling x12  
  199  8:54  Roach x3  
  199  8:55  Roach x2  
  199  8:59  Roach  
  199  9:00  Roach x2  
  193  9:07  Roach x3  
  187  9:13  Roach x6  
  187  9:14  Zergling x2  
Tags
 
Add a new tag
Caveats
  • Supply blocks, unpowered buildings, or Contaminate may cause inaccurate times.
  • Supply counts are checked every 10 seconds.